Moose vs Reign
Created - February 6, 2022 at 22:10
Goals
|
Moose |
2 |
1 |
0 |
3 |
Reign |
1 |
4 |
1 |
6 |
|
Shots
|
Moose |
12 |
13 |
4 |
29 |
Reign |
9 |
6 |
12 |
27 |
|
1st period
1. Moose , Dominik Kahun 9 (Nikolay Goldobin 9, Frank Vatrano 17) at 11:10
2. Moose , Iiro Pakarinen 19 (Travis Sanheim 18) at 12:31
3. Reign , Kyle Connor 12 (Joachim Blichfeld 11) at 15:18
Penalties :
Dmitri Orlov (Ont) for Hooking (Minor) at 6:59, Erik Cernak (Man) for Charging (Minor) at 18:22
2nd period
4. Reign , Sergey Kalinin 6 (Jordan Schmaltz 13, Carter Hart) at 6:23
5. Reign , Joel Eriksson Ek 8 (Joachim Blichfeld 12, Josh Anderson 5) at 7:52
6. Reign , Dmitri Orlov 2 (Alex Iafallo 13, Jordan Kyrou 16) at 9:11 (PP)
7. Reign , Dmitri Orlov 3 (Rourke Chartier 12) at 9:56 (PP)
8. Moose , Troy Stetcher 7 (Miro Aaltonen 31) at 16:05 (PP)
Penalties :
Jordan Kyrou (Ont) for Tripping (Minor) at 4:17, Miro Aaltonen (Man) for Goalie Interference (Minor) at 8:07, Travis Sanheim (Man) for High sticking (Minor) at 9:55, Logan Stanley (Ont) for Slashing (Minor) at 13:37, Jordan Kyrou (Ont) for Hooking (Minor) at 15:59, Chase De Leo (Man) for Roughing (Minor) at 18:07
3rd period
9. Reign , Rourke Chartier 7 (Christopher Tanev 4) at 6:11
Penalties :
Travis Sanheim (Man) for Interference (Minor) at 10:06
Goalie Stats
Filip Gustavsson (Man), 9 saves from 13 shots - (0.692), L, 9-6-1, 29:11 minutes
Emil Larmi (Man), 12 saves from 14 shots - (0.857), 30:49 minutes
Carter Hart (Ont), 26 saves from 29 shots - (0.897), W, 10-8-0, 60:00 minutes
Players Stats for Moose
Player Name G A P +/- PIM S H SB GA TA FO MP PP MP PK MP
------------------------------------------------------------------------------------
Carl Grundstrom 0 0 0 0 0 1 0 0 0 0 0/0 7:25 0:00 0:00
Chase De Leo 0 0 0 0 2 0 1 0 1 0 1/2 7:53 0:00 0:07
Dominik Kahun 1 0 1 0 0 1 3 0 0 0 7/11 16:20 2:20 0:00
Erik Cernak 0 0 0 -2 2 0 1 2 0 0 0/0 15:39 0:00 2:33
Frank Vatrano 0 1 1 0 0 3 2 0 0 0 2/4 17:51 2:20 1:31
Iiro Pakarinen 1 0 1 0 0 6 0 0 1 0 5/9 22:51 3:41 4:32
Jordan Martinook 0 0 0 -2 0 1 1 0 1 0 0/0 13:11 0:09 2:03
Ludwig Bystrom 0 0 0 -1 0 1 4 0 0 0 0/0 26:39 3:34 4:02
Matthew Benning 0 0 0 -2 0 0 0 2 0 1 0/0 12:41 0:00 0:04
Michael McLeod 0 0 0 -2 0 2 0 0 1 0 3/3 10:24 0:00 0:00
Miro Aaltonen 0 1 1 0 2 5 0 0 0 0 9/28 21:32 3:34 3:28
Nathan Walker 0 0 0 0 0 2 1 0 0 0 1/3 19:36 3:34 2:23
Nikolay Goldobin 0 1 1 0 0 1 1 0 0 0 0/0 16:20 2:20 0:00
Pierre-Luc Dubois 0 0 0 0 0 1 1 0 0 0 0/0 8:01 0:09 0:00
Rem Pitlick 0 0 0 -2 0 2 2 1 0 0 0/0 10:46 0:02 0:00
Travis Sanheim 0 1 1 1 4 0 3 0 1 0 0/0 18:19 2:29 0:29
Troy Stetcher 1 0 1 -1 0 2 2 2 1 2 0/0 26:15 3:34 3:30
Vladislav Gavrikov 0 0 0 1 0 1 1 1 0 0 0/0 21:10 2:29 3:26
Players Stats for Reign
Player Name G A P +/- PIM S H SB GA TA FO MP PP MP PK MP
------------------------------------------------------------------------------------
Alex Iafallo 0 1 1 0 0 0 0 3 1 0 1/2 15:49 3:13 3:18
Charlie McAvoy 0 0 0 2 0 0 2 0 0 0 0/0 14:24 2:19 0:00
Christopher Tanev 0 1 1 1 0 0 0 2 0 1 0/0 14:26 0:00 3:50
Dmitri Orlov 2 0 2 -1 2 3 0 0 0 0 0/0 21:11 4:29 1:39
Joachim Blichfeld 0 2 2 1 0 3 0 0 0 0 0/0 11:54 0:11 0:52
Joel Eriksson Ek 1 0 1 1 0 4 0 0 0 0 7/14 13:43 0:00 3:21
Jordan Kyrou 0 1 1 0 4 1 2 0 0 0 0/0 16:28 3:13 0:00
Jordan Schmaltz 0 1 1 -1 0 0 0 1 0 1 0/0 20:22 2:19 3:19
Josh Anderson 0 1 1 1 0 0 1 0 0 1 0/1 12:24 0:00 1:47
Kale Clague 0 0 0 0 0 0 0 1 0 0 0/0 8:35 0:00 0:00
Kyle Connor 1 0 1 1 0 4 1 1 0 0 1/3 18:03 3:13 0:52
Logan Stanley 0 0 0 0 2 1 0 0 0 0 0/0 8:35 0:00 0:00
Matthew Tkachuk 0 0 0 1 0 2 2 0 0 0 0/0 17:19 3:43 0:00
Nikita Tryamkin 0 0 0 2 0 0 0 1 0 3 0/0 15:08 0:14 2:13
Phillip Danault 0 0 0 0 0 1 2 0 0 0 1/1 9:15 0:00 0:00
Roope Hintz 0 0 0 0 0 3 0 0 0 0 1/1 16:56 3:44 0:00
Rourke Chartier 1 1 2 1 0 2 2 3 2 0 12/23 17:34 3:49 0:09
Sergey Kalinin 1 0 1 0 0 2 1 0 0 0 6/10 14:49 0:00 1:47
Thomas Chabot 0 0 0 1 0 1 0 0 0 0 0/0 17:43 4:43 1:05
Trevor Moore 0 0 0 0 0 0 0 0 0 0 3/5 9:15 0:00 0:00
3 Stars
1 - Rourke Chartier (Ont)
2 - Kyle Connor (Ont)
3 - Dmitri Orlov (Ont)
Power Play
Moose - 1 on 4 Attempt(s) - 25.00%
Reign - 2 on 5 Attempt(s) - 40.00%
Penalty Kill
Moose - 3 on 5 Attempt(s) - 60.00%
- Score 0 goal in Penalty Kill
Reign - 3 on 4 Attempt(s) - 75.00%
- Score 0 goal in Penalty Kill
Team Stat
Moose - Hits : 23 - Faceoff Wins : 28 - Blocked Shots : 8 - Penalty Minutes : 10
Reign - Hits : 13 - Faceoff Wins : 32 - Blocked Shots : 12 - Penalty Minutes : 8
Official
Referees : Marc Joannette and Tim Peel
Linesman : Michel Cormier and Mark Shewchyk
Game Notes
Emil Larmi enters game at 9:11 of 2nd period
Finance
Level 1 -- Attendance: 1900 (95.00%) -- Ticket Income $66,500
Level 2 -- Attendance: 948 (94.80%) -- Ticket Income $14,220
Total Attendance: 2848 (94.93%)
Total Ticket Income: $80,720
Other Income: $4,036
Total Income: $84,756
Moose
5 vs 5 Forward
Center Left Wing Right Wing Time % Phy DF OF
1 Miro Aaltonen Nathan Walker Iiro Pakarinen 40 1 2 2
2 Dominik Kahun Nikolay Goldobin Frank Vatrano 30 1 2 2
3 Michael McLeod Jordan Martinook Rem Pitlick 20 1 2 2
4 Chase De Leo Pierre-Luc Dubois Carl Grundstrom 10 1 2 2
5 vs 5 Defense
Defense Defense Time % Phy DF OF
1 Troy Stetcher Ludwig Bystrom 40 1 2 2
2 Travis Sanheim Vladislav Gavrikov 30 1 2 2
3 Matthew Benning Erik Cernak 20 1 2 2
4 Troy Stetcher Ludwig Bystrom 10 1 2 2
PowerPlay Forward
Center Left Wing Right Wing Time % Phy DF OF
1 Miro Aaltonen Nathan Walker Iiro Pakarinen 60 1 2 2
2 Dominik Kahun Nikolay Goldobin Frank Vatrano 40 1 2 2
PowerPlay Defense
Defense Defense Time % Phy DF OF
1 Troy Stetcher Ludwig Bystrom 60 1 2 2
2 Vladislav Gavrikov Travis Sanheim 40 1 2 2
Penalty Kill 4 Players Forward
Center Wing Time % Phy DF OF
1 Iiro Pakarinen Miro Aaltonen 60 1 2 2
2 Frank Vatrano Nathan Walker 40 1 2 2
Penalty Kill 4 Players Defense
Defense Defense Time % Phy DF OF
1 Troy Stetcher Ludwig Bystrom 60 1 2 2
2 Vladislav Gavrikov Erik Cernak 40 1 2 2
Penalty Kill - 3 Players Forward
Forward Time % Phy DF OF
1 Iiro Pakarinen 60 1 2 2
2 Miro Aaltonen 40 1 2 2
Penalty Kill - 3 Players Defense
Defense Defense Time % Phy DF OF
1 Troy Stetcher Ludwig Bystrom 60 1 2 2
2 Vladislav Gavrikov Erik Cernak 40 1 2 2
4 vs 4 Forward
Center Wing Time % Phy DF OF
1 Iiro Pakarinen Miro Aaltonen 60 1 2 2
2 Frank Vatrano Nathan Walker 40 1 2 2
4 vs 4 Defense
Defense Defense Time % Phy DF OF
1 Troy Stetcher Ludwig Bystrom 60 1 2 2
2 Vladislav Gavrikov Travis Sanheim 40 1 2 2
Last Minutes Offensive
Center Left Wing Right Wing Defense Defense
Miro Aaltonen Nathan Walker Iiro Pakarinen Troy Stetcher Ludwig Bystrom
Last Minutes Defensive
Center Left Wing Right Wing Defense Defense
Miro Aaltonen Nathan Walker Iiro Pakarinen Troy Stetcher Ludwig Bystrom
Goaltenders
Starting : Filip Gustavsson
Backup : Emil Larmi
Extra Forwards
Normal : Michael McLeod, Frank Vatrano, Rem Pitlick - PP : Pierre-Luc Dubois, Jordan Martinook - PK : Jordan Martinook
Extra Defensemen
Normal : Matthew Benning, Travis Sanheim, Vladislav Gavrikov - PP : Matthew Benning - PK : Travis Sanheim, Vladislav Gavrikov
Penalty Shots
Nikolay Goldobin, Miro Aaltonen, Michael McLeod, Nathan Walker, Rem Pitlick
Scratches
David Kase (Healthy), Jeremy Bracco (Healthy), Jesse Graham (Healthy), Mirco Mueller (Strained Back Injury), Mitchell Stephens (Healthy)
Oskar Lindblom (Healthy), Sami Niku (Healthy), Julien Gauthier (Healthy), Josh Mahura (Healthy), Max Jones (Healthy)
Nathan Bastian (Healthy), Tim Gettinger (Healthy), Joey Daccord (Healthy), Magnus Hellberg (Healthy)
Reign
5 vs 5 Forward
Center Left Wing Right Wing Time % Phy DF OF
1 Sergey Kalinin Roope Hintz Jordan Kyrou 30 0 3 2
2 Rourke Chartier Kyle Connor Matthew Tkachuk 30 0 3 2
3 Trevor Moore Phillip Danault Alex Iafallo 20 0 3 2
4 Joel Eriksson Ek Joachim Blichfeld Josh Anderson 20 0 3 2
5 vs 5 Defense
Defense Defense Time % Phy DF OF
1 Jordan Schmaltz Dmitri Orlov 30 0 3 2
2 Christopher Tanev Thomas Chabot 25 0 3 2
3 Charlie McAvoy Nikita Tryamkin 25 0 3 2
4 Logan Stanley Kale Clague 20 1 3 1
PowerPlay Forward
Center Left Wing Right Wing Time % Phy DF OF
1 Rourke Chartier Roope Hintz Matthew Tkachuk 60 0 2 3
2 Alex Iafallo Kyle Connor Jordan Kyrou 40 0 2 3
PowerPlay Defense
Defense Defense Time % Phy DF OF
1 Thomas Chabot Dmitri Orlov 60 1 2 2
2 Charlie McAvoy Jordan Schmaltz 40 1 2 2
Penalty Kill 4 Players Forward
Center Wing Time % Phy DF OF
1 Joel Eriksson Ek Alex Iafallo 60 0 3 2
2 Sergey Kalinin Josh Anderson 40 0 3 2
Penalty Kill 4 Players Defense
Defense Defense Time % Phy DF OF
1 Christopher Tanev Jordan Schmaltz 60 0 4 1
2 Nikita Tryamkin Dmitri Orlov 40 0 4 1
Penalty Kill - 3 Players Forward
Forward Time % Phy DF OF
1 Sergey Kalinin 60 0 3 2
2 Joel Eriksson Ek 40 0 3 2
Penalty Kill - 3 Players Defense
Defense Defense Time % Phy DF OF
1 Christopher Tanev Jordan Schmaltz 60 1 4 0
2 Nikita Tryamkin Dmitri Orlov 40 1 4 0
4 vs 4 Forward
Center Wing Time % Phy DF OF
1 Alex Iafallo Kyle Connor 60 1 2 2
2 Sergey Kalinin Phillip Danault 40 1 2 2
4 vs 4 Defense
Defense Defense Time % Phy DF OF
1 Christopher Tanev Nikita Tryamkin 60 1 2 2
2 Jordan Schmaltz Dmitri Orlov 40 1 2 2
Last Minutes Offensive
Center Left Wing Right Wing Defense Defense
Alex Iafallo Kyle Connor Jordan Kyrou Christopher Tanev Jordan Schmaltz
Last Minutes Defensive
Center Left Wing Right Wing Defense Defense
Sergey Kalinin Alex Iafallo Josh Anderson Christopher Tanev Jordan Schmaltz
Goaltenders
Starting : Carter Hart
Backup : Garret Sparks
Extra Forwards
Normal : Alex Iafallo, Matthew Tkachuk, Jordan Kyrou - PP : Joachim Blichfeld, Joel Eriksson Ek - PK : Joachim Blichfeld
Extra Defensemen
Normal : Charlie McAvoy, Kale Clague, Logan Stanley - PP : Charlie McAvoy - PK : Thomas Chabot, Logan Stanley
Penalty Shots
Rourke Chartier, Jordan Kyrou, Phillip Danault, Kyle Connor, Joachim Blichfeld
Scratches
Blake Lizotte (Healthy), Bokondji Imama (Healthy), Jacob Josefson (Healthy), Joel Vermin (Healthy), Kevin Fiala (Healthy)
Markus Nutivaara (Healthy), Michael Ferland (Healthy), Nathan Gerbe (Healthy), Dan Renouf (Healthy), Austin Czarnik (Healthy)
Cal Petersen (Healthy), Jordan Binnington (Healthy)
% Time on Ice - Moose
Lines # - Real PCT - Wanted PCT - Time Play
Normal Forward
1 - 32% - 40% - 15:06
2 - 30% - 30% - 14:00
3 - 22% - 20% - 10:24
4 - 16% - 10% - 7:25
Normal Defense
1 - 39% - 40% - 18:24
2 - 33% - 30% - 15:15
3 - 27% - 20% - 12:29
4 - 2% - 10% - 0:47
PP Forward
1 - 61% - 60% - 3:43
2 - 39% - 40% - 2:20
PP Defense
1 - 59% - 60% - 3:34
2 - 41% - 40% - 2:29
PK Forward
1 - 78% - 60% - 5:31
2 - 22% - 40% - 1:31
PK Defense
1 - 51% - 60% - 3:36
2 - 49% - 40% - 3:26
PK3 Forward
1 - 0% - 60%
2 - 0% - 40%
PK3 Defense
1 - 0% - 60%
2 - 0% - 40%
44 Forward
1 - 0% - 60%
2 - 0% - 40%
44 Defense
1 - 0% - 60%
2 - 0% - 40%
Last Minute Offensive - 0:00
Last Minute Defensive - 0:00
Total
Forward - 60:00
Defense - 60:00
|
% Time on Ice - Reign
Lines # - Real PCT - Wanted PCT - Time Play
Normal Forward
1 - 29% - 30% - 13:43
2 - 29% - 30% - 13:36
3 - 20% - 20% - 9:15
4 - 22% - 20% - 10:21
Normal Defense
1 - 31% - 30% - 14:43
2 - 25% - 25% - 11:56
3 - 25% - 25% - 11:41
4 - 18% - 20% - 8:35
PP Forward
1 - 54% - 60% - 3:49
2 - 46% - 40% - 3:13
PP Defense
1 - 67% - 60% - 4:43
2 - 33% - 40% - 2:19
PK Forward
1 - 71% - 60% - 4:16
2 - 29% - 40% - 1:47
PK Defense
1 - 63% - 60% - 3:50
2 - 37% - 40% - 2:13
PK3 Forward
1 - 0% - 60%
2 - 0% - 40%
PK3 Defense
1 - 0% - 60%
2 - 0% - 40%
44 Forward
1 - 0% - 60%
2 - 0% - 40%
44 Defense
1 - 0% - 60%
2 - 0% - 40%
Last Minute Offensive - 0:00
Last Minute Defensive - 0:00
Total
Forward - 60:00
Defense - 60:00
|
Play-by-Play
1st period
0:01 of 1st period - Sergey Kalinin wins face-off versus Miro Aaltonen in neutral zone.
0:34 of 1st period - Snap shot by Matthew Tkachuk.
0:34 of 1st period - Shot Blocked by Troy Stetcher.
0:52 of 1st period - Dmitri Orlov is hit by Vladislav Gavrikov.
1:08 of 1st period - Snap shot by Iiro Pakarinen.
1:08 of 1st period - Shot Misses the Net.
1:10 of 1st period - Slapshot by Vladislav Gavrikov.
1:10 of 1st period - Stopped by Carter Hart without a rebound.
1:11 of 1st period - Joel Eriksson Ek wins face-off versus Miro Aaltonen in Reign zone.
1:41 of 1st period - Snap shot by Frank Vatrano.
1:41 of 1st period - Shot Misses the Net.
2:27 of 1st period - Slapshot by Carl Grundstrom.
2:27 of 1st period - Stopped by Carter Hart without a rebound.
2:28 of 1st period - Miro Aaltonen wins face-off versus Sergey Kalinin in Reign zone.
3:03 of 1st period - Snap shot by Troy Stetcher.
3:03 of 1st period - Shot Blocked by Christopher Tanev.
3:05 of 1st period - Wrist shot by Ludwig Bystrom.
3:05 of 1st period - Stopped by Carter Hart with a rebound.
3:57 of 1st period - Sergey Kalinin is hit by Troy Stetcher and loses puck.
4:24 of 1st period - Slapshot by Matthew Tkachuk.
4:24 of 1st period - Stopped by Filip Gustavsson with a rebound.
4:45 of 1st period - Slapshot by Travis Sanheim.
4:45 of 1st period - Deflect By Rem Pitlick.
4:45 of 1st period - Shot Misses the Net.
4:45 of 1st period - Puck is out of play.
4:46 of 1st period - Michael McLeod wins face-off versus Joel Eriksson Ek in Reign zone.
5:05 of 1st period - Slapshot by Dmitri Orlov.
5:05 of 1st period - Stopped by Filip Gustavsson without a rebound.
5:06 of 1st period - Roope Hintz wins face-off versus Miro Aaltonen in Moose zone.
5:46 of 1st period - Dominik Kahun is hit by Charlie McAvoy and loses puck.
6:07 of 1st period - Snap shot by Rourke Chartier.
6:07 of 1st period - Stopped by Filip Gustavsson without a rebound.
6:08 of 1st period - Trevor Moore wins face-off versus Miro Aaltonen in Moose zone.
6:43 of 1st period - Off-side.
6:44 of 1st period - Joel Eriksson Ek wins face-off versus Miro Aaltonen in neutral zone.
6:59 of 1st period - Minor Penalty to Dmitri Orlov for Hooking.
7:00 of 1st period - Joel Eriksson Ek wins face-off versus Nathan Walker in Reign zone.
7:46 of 1st period - Snap shot by Iiro Pakarinen.
7:46 of 1st period - Stopped by Carter Hart without a rebound.
7:47 of 1st period - Joel Eriksson Ek wins face-off versus Dominik Kahun in Reign zone.
8:34 of 1st period - Jordan Schmaltz is hit by Ludwig Bystrom and loses puck.
8:59 of 1st period - Penalty to Dmitri Orlov is over, Dmitri Orlov is back on ice.
9:01 of 1st period - Thomas Chabot is hit by Travis Sanheim and loses puck.
9:12 of 1st period - Joachim Blichfeld is hit by Rem Pitlick and loses puck.
9:45 of 1st period - Roope Hintz is hit by Pierre-Luc Dubois and loses puck.
9:58 of 1st period - Wrist shot by Roope Hintz.
9:58 of 1st period - Stopped by Filip Gustavsson without a rebound.
9:59 of 1st period - Phillip Danault wins face-off versus Dominik Kahun in Moose zone.
10:24 of 1st period - Travis Sanheim is hit by Rourke Chartier and loses puck.
10:33 of 1st period - Slapshot by Rourke Chartier.
10:33 of 1st period - Deflect By Kyle Connor.
10:33 of 1st period - Stopped by Filip Gustavsson with a rebound.
10:47 of 1st period - Slapshot by Joel Eriksson Ek.
10:47 of 1st period - Stopped by Filip Gustavsson without a rebound.
10:48 of 1st period - Joel Eriksson Ek wins face-off versus Miro Aaltonen in Moose zone.
10:57 of 1st period - Wrist shot by Nathan Walker.
10:57 of 1st period - Deflect By Dmitri Orlov.
10:57 of 1st period - Stopped by Carter Hart with a rebound.
11:02 of 1st period - Off-side.
11:03 of 1st period - Dominik Kahun wins face-off versus Kyle Connor in neutral zone.
11:10 of 1st period - Snap shot by Dominik Kahun.
11:10 of 1st period - Goal by Dominik Kahun - Moose : 1 - Reign : 0.
11:11 of 1st period - Rourke Chartier wins face-off versus Miro Aaltonen in neutral zone.
11:39 of 1st period - Snap shot by Dominik Kahun.
11:39 of 1st period - Shot Blocked by Alex Iafallo.
12:09 of 1st period - Wrist shot by Roope Hintz.
12:09 of 1st period - Shot Misses the Net.
12:25 of 1st period - Slapshot by Troy Stetcher.
12:25 of 1st period - Stopped by Carter Hart without a rebound.
12:26 of 1st period - Rourke Chartier wins face-off versus Miro Aaltonen in Reign zone.
12:31 of 1st period - Snap shot by Iiro Pakarinen.
12:31 of 1st period - Goal by Iiro Pakarinen - Moose : 2 - Reign : 0.
12:32 of 1st period - Rourke Chartier wins face-off versus Iiro Pakarinen in neutral zone.
12:47 of 1st period - Slapshot by Iiro Pakarinen.
12:47 of 1st period - Stopped by Carter Hart with a rebound.
13:24 of 1st period - Slapshot by Jordan Martinook.
13:24 of 1st period - Shot Blocked by Jordan Schmaltz.
13:26 of 1st period - Slapshot by Ludwig Bystrom.
13:26 of 1st period - Shot Misses the Net.
13:40 of 1st period - Snap shot by Joachim Blichfeld.
13:40 of 1st period - Shot Misses the Net.
13:42 of 1st period - Snap shot by Joel Eriksson Ek.
13:42 of 1st period - Shot Misses the Net.
13:44 of 1st period - Wrist shot by Joachim Blichfeld.
13:44 of 1st period - Deflect By Troy Stetcher.
13:44 of 1st period - Shot Misses the Net.
13:44 of 1st period - Puck is out of play.
13:45 of 1st period - Miro Aaltonen wins face-off versus Rourke Chartier in Moose zone.
14:41 of 1st period - Slapshot by Troy Stetcher.
14:41 of 1st period - Shot Misses the Net.
14:43 of 1st period - Slapshot by Ludwig Bystrom.
14:43 of 1st period - Shot Blocked by Alex Iafallo.
15:18 of 1st period - Snap shot by Kyle Connor.
15:18 of 1st period - Goal by Kyle Connor - Moose : 2 - Reign : 1.
15:19 of 1st period - Rourke Chartier wins face-off versus Miro Aaltonen in neutral zone.
15:24 of 1st period - Snap shot by Kyle Connor.
15:24 of 1st period - Stopped by Filip Gustavsson without a rebound.
15:25 of 1st period - Kyle Connor wins face-off versus Miro Aaltonen in Moose zone.
15:32 of 1st period - Slapshot by Kyle Connor.
15:32 of 1st period - Stopped by Filip Gustavsson without a rebound.
15:33 of 1st period - Sergey Kalinin wins face-off versus Miro Aaltonen in Moose zone.
16:00 of 1st period - Rourke Chartier is hit by Dominik Kahun and loses puck.
16:09 of 1st period - Wrist shot by Nikolay Goldobin.
16:09 of 1st period - Shot Misses the Net.
16:11 of 1st period - Snap shot by Frank Vatrano.
16:11 of 1st period - Stopped by Carter Hart without a rebound.
16:12 of 1st period - Miro Aaltonen wins face-off versus Trevor Moore in Reign zone.
16:15 of 1st period - Backhand shot by Nathan Walker.
16:15 of 1st period - Shot Blocked by Alex Iafallo.
16:41 of 1st period - Snap shot by Frank Vatrano.
16:41 of 1st period - Stopped by Carter Hart without a rebound.
16:42 of 1st period - Dominik Kahun wins face-off versus Josh Anderson in Reign zone.
16:55 of 1st period - Slapshot by Troy Stetcher.
16:55 of 1st period - Deflect By Frank Vatrano.
16:55 of 1st period - Stopped by Carter Hart with a rebound.
17:45 of 1st period - Matthew Benning is hit by Phillip Danault and loses puck.
17:56 of 1st period - Wrist shot by Alex Iafallo.
17:56 of 1st period - Shot Blocked by Erik Cernak.
18:22 of 1st period - Minor Penalty to Erik Cernak for Charging.
18:23 of 1st period - Iiro Pakarinen wins face-off versus Rourke Chartier in Moose zone.
18:39 of 1st period - Ludwig Bystrom is hit by Matthew Tkachuk and loses puck.
19:25 of 1st period - Dmitri Orlov is hit by Frank Vatrano and loses puck.
19:44 of 1st period - Vladislav Gavrikov is hit by Kyle Connor and loses puck.
Goals for this period are 2 for Moose vs 1 for Reign.
Shots for this period are 12 for Moose vs 9 for Reign.
2nd period
0:01 of 2nd period - Iiro Pakarinen wins face-off versus Rourke Chartier in neutral zone.
0:22 of 2nd period - Penalty to Erik Cernak is over, Erik Cernak is back on ice.
0:26 of 2nd period - Ludwig Bystrom is hit by Jordan Kyrou and loses puck.
0:45 of 2nd period - Wrist shot by Iiro Pakarinen.
0:45 of 2nd period - Stopped by Carter Hart with a rebound.
1:07 of 2nd period - Snap shot by Alex Iafallo.
1:07 of 2nd period - Deflect By Travis Sanheim.
1:07 of 2nd period - Shot Misses the Net.
1:07 of 2nd period - Puck is out of play.
1:08 of 2nd period - Dominik Kahun wins face-off versus Trevor Moore in Moose zone.
1:15 of 2nd period - Snap shot by Vladislav Gavrikov.
1:15 of 2nd period - Deflect By Dominik Kahun.
1:15 of 2nd period - Shot Misses the Net.
1:15 of 2nd period - Puck is out of play.
1:16 of 2nd period - Sergey Kalinin wins face-off versus Frank Vatrano in Reign zone.
1:31 of 2nd period - Snap shot by Roope Hintz.
1:31 of 2nd period - Stopped by Filip Gustavsson without a rebound.
1:32 of 2nd period - Michael McLeod wins face-off versus Rourke Chartier in Moose zone.
1:32 of 2nd period - Michael McLeod is hit by Matthew Tkachuk.
1:58 of 2nd period - Nathan Walker is hit by Jordan Kyrou and loses puck.
2:07 of 2nd period - Wrist shot by Sergey Kalinin.
2:07 of 2nd period - Shot Misses the Net.
2:17 of 2nd period - Kale Clague is hit by Dominik Kahun and loses puck.
3:00 of 2nd period - Wrist shot by Jordan Martinook.
3:00 of 2nd period - Shot Misses the Net.
3:02 of 2nd period - Backhand shot by Jordan Martinook.
3:02 of 2nd period - Shot Misses the Net.
3:10 of 2nd period - Snap shot by Jordan Martinook.
3:10 of 2nd period - Stopped by Carter Hart with a rebound.
3:48 of 2nd period - Slapshot by Iiro Pakarinen.
3:48 of 2nd period - Shot Misses the Net.
3:50 of 2nd period - Wrist shot by Miro Aaltonen.
3:50 of 2nd period - Stopped by Carter Hart with a rebound.
3:52 of 2nd period - Snap shot by Nathan Walker.
3:52 of 2nd period - Stopped by Carter Hart with a rebound.
4:17 of 2nd period - Minor Penalty to Jordan Kyrou for Tripping.
4:18 of 2nd period - Miro Aaltonen wins face-off versus Joel Eriksson Ek in Reign zone.
4:57 of 2nd period - Snap shot by Miro Aaltonen.
4:57 of 2nd period - Stopped by Carter Hart without a rebound.
4:58 of 2nd period - Sergey Kalinin wins face-off versus Dominik Kahun in Reign zone.
5:07 of 2nd period - Wrist shot by Troy Stetcher.
5:07 of 2nd period - Shot Misses the Net.
6:17 of 2nd period - Penalty to Jordan Kyrou is over, Jordan Kyrou is back on ice.
6:23 of 2nd period - Slapshot by Sergey Kalinin.
6:23 of 2nd period - Goal by Sergey Kalinin - Moose : 2 - Reign : 2.
6:24 of 2nd period - Sergey Kalinin wins face-off versus Frank Vatrano in neutral zone.
6:26 of 2nd period - Off-side.
6:27 of 2nd period - Dominik Kahun wins face-off versus Sergey Kalinin in neutral zone.
6:56 of 2nd period - Wrist shot by Michael McLeod.
6:56 of 2nd period - Stopped by Carter Hart with a rebound.
6:58 of 2nd period - Slapshot by Vladislav Gavrikov.
6:58 of 2nd period - Shot Misses the Net.
7:00 of 2nd period - Snap shot by Rem Pitlick.
7:00 of 2nd period - Stopped by Carter Hart without a rebound.
7:01 of 2nd period - Trevor Moore wins face-off versus Miro Aaltonen in Reign zone.
7:10 of 2nd period - Ludwig Bystrom is hit by Phillip Danault and loses puck.
7:27 of 2nd period - Rourke Chartier is hit by Ludwig Bystrom and loses puck.
7:48 of 2nd period - Snap shot by Joel Eriksson Ek.
7:48 of 2nd period - Shot Blocked by Rem Pitlick.
7:50 of 2nd period - Snap shot by Josh Anderson.
7:50 of 2nd period - Shot Blocked by Troy Stetcher.
7:52 of 2nd period - Wrist shot by Joachim Blichfeld.
7:52 of 2nd period - Deflect By Joel Eriksson Ek.
7:52 of 2nd period - Goal by Joel Eriksson Ek - Moose : 2 - Reign : 3.
7:53 of 2nd period - Sergey Kalinin wins face-off versus Miro Aaltonen in neutral zone.
8:07 of 2nd period - Minor Penalty to Miro Aaltonen for Goalie Interference.
8:08 of 2nd period - Rourke Chartier wins face-off versus Iiro Pakarinen in Moose zone.
8:37 of 2nd period - Icing by Thomas Chabot.
8:38 of 2nd period - Alex Iafallo wins face-off versus Iiro Pakarinen in Reign zone.
9:09 of 2nd period - Slapshot by Alex Iafallo.
9:09 of 2nd period - Shot Blocked by Erik Cernak.
9:11 of 2nd period - Slapshot by Dmitri Orlov.
9:11 of 2nd period - Deflect By Jordan Martinook.
9:11 of 2nd period - Goal by Dmitri Orlov - Moose : 2 - Reign : 4.
9:11 of 2nd period - Emil Larmi enters game.
9:12 of 2nd period - Dominik Kahun wins face-off versus Joel Eriksson Ek in neutral zone.
9:55 of 2nd period - Minor Penalty to Travis Sanheim for High sticking.
9:56 of 2nd period - Rourke Chartier wins face-off versus Iiro Pakarinen in Moose zone.
9:56 of 2nd period - Slapshot by Dmitri Orlov.
9:56 of 2nd period - Goal by Dmitri Orlov - Moose : 2 - Reign : 5.
9:57 of 2nd period - Miro Aaltonen wins face-off versus Sergey Kalinin in neutral zone.
11:05 of 2nd period - Travis Sanheim is hit by Josh Anderson and loses puck.
11:18 of 2nd period - Slapshot by Dmitri Orlov.
11:18 of 2nd period - Deflect By Joel Eriksson Ek.
11:18 of 2nd period - Stopped by Emil Larmi with a rebound.
11:32 of 2nd period - Snap shot by Thomas Chabot.
11:32 of 2nd period - Shot Misses the Net.
12:20 of 2nd period - Wrist shot by Rem Pitlick.
12:20 of 2nd period - Stopped by Carter Hart with a rebound.
12:22 of 2nd period - Wrist shot by Michael McLeod.
12:22 of 2nd period - Stopped by Carter Hart with a rebound.
12:38 of 2nd period - Snap shot by Frank Vatrano.
12:38 of 2nd period - Deflect By Nikolay Goldobin.
12:38 of 2nd period - Shot Blocked by Christopher Tanev.
12:38 of 2nd period - Puck is out of play.
12:39 of 2nd period - Dominik Kahun wins face-off versus Rourke Chartier in Reign zone.
13:30 of 2nd period - Wrist shot by Nikolay Goldobin.
13:30 of 2nd period - Shot Blocked by Kale Clague.
13:37 of 2nd period - Minor Penalty to Logan Stanley for Slashing.
13:38 of 2nd period - Miro Aaltonen wins face-off versus Joel Eriksson Ek in Reign zone.
13:44 of 2nd period - Wrist shot by Miro Aaltonen.
13:44 of 2nd period - Deflect By Iiro Pakarinen.
13:44 of 2nd period - Shot Misses the Net.
13:44 of 2nd period - Puck is out of play.
13:45 of 2nd period - Joel Eriksson Ek wins face-off versus Miro Aaltonen in Reign zone.
14:32 of 2nd period - Alex Iafallo is hit by Nathan Walker.
15:37 of 2nd period - Penalty to Logan Stanley is over, Logan Stanley is back on ice.
15:59 of 2nd period - Minor Penalty to Jordan Kyrou for Hooking.
16:00 of 2nd period - Miro Aaltonen wins face-off versus Joel Eriksson Ek in Reign zone.
16:05 of 2nd period - Slapshot by Troy Stetcher.
16:05 of 2nd period - Goal by Troy Stetcher - Moose : 3 - Reign : 5.
16:06 of 2nd period - Nathan Walker wins face-off versus Rourke Chartier in neutral zone.
16:11 of 2nd period - Slapshot by Miro Aaltonen.
16:11 of 2nd period - Stopped by Carter Hart without a rebound.
16:12 of 2nd period - Miro Aaltonen wins face-off versus Kyle Connor in Reign zone.
16:57 of 2nd period - Off-side.
16:58 of 2nd period - Michael McLeod wins face-off versus Joel Eriksson Ek in neutral zone.
17:26 of 2nd period - Slapshot by Vladislav Gavrikov.
17:26 of 2nd period - Shot Blocked by Nikita Tryamkin.
17:49 of 2nd period - Backhand shot by Sergey Kalinin.
17:49 of 2nd period - Shot Blocked by Matthew Benning.
18:07 of 2nd period - Minor Penalty to Chase De Leo for Roughing.
18:08 of 2nd period - Iiro Pakarinen wins face-off versus Rourke Chartier in Moose zone.
18:14 of 2nd period - Slapshot by Troy Stetcher.
18:14 of 2nd period - Shot Misses the Net.
18:16 of 2nd period - Snap shot by Iiro Pakarinen.
18:16 of 2nd period - Shot Blocked by Rourke Chartier.
18:18 of 2nd period - Snap shot by Miro Aaltonen.
18:18 of 2nd period - Shot Blocked by Rourke Chartier.
18:20 of 2nd period - Snap shot by Miro Aaltonen.
18:20 of 2nd period - Stopped by Carter Hart with a rebound.
18:22 of 2nd period - Snap shot by Iiro Pakarinen.
18:22 of 2nd period - Stopped by Carter Hart with a rebound.
18:37 of 2nd period - Off-side.
18:38 of 2nd period - Frank Vatrano wins face-off versus Alex Iafallo in neutral zone.
19:03 of 2nd period - Vladislav Gavrikov is hit by Charlie McAvoy and loses puck.
Goals for this period are 1 for Moose vs 4 for Reign.
Shots for this period are 13 for Moose vs 6 for Reign.
3rd period
0:01 of 3rd period - Iiro Pakarinen wins face-off versus Rourke Chartier in neutral zone.
0:07 of 3rd period - Penalty to Chase De Leo is over, Chase De Leo is back on ice.
0:16 of 3rd period - Slapshot by Thomas Chabot.
0:16 of 3rd period - Stopped by Emil Larmi with a rebound.
0:56 of 3rd period - Snap shot by Joachim Blichfeld.
0:56 of 3rd period - Stopped by Emil Larmi with a rebound.
1:08 of 3rd period - Sergey Kalinin is hit by Chase De Leo and loses puck.
1:15 of 3rd period - Slapshot by Jordan Kyrou.
1:15 of 3rd period - Deflect By Roope Hintz.
1:15 of 3rd period - Stopped by Emil Larmi with a rebound.
1:17 of 3rd period - Slapshot by Sergey Kalinin.
1:17 of 3rd period - Stopped by Emil Larmi with a rebound.
1:27 of 3rd period - Erik Cernak is hit by Rourke Chartier and loses puck.
1:34 of 3rd period - Snap shot by Matthew Tkachuk.
1:34 of 3rd period - Shot Misses the Net.
1:57 of 3rd period - Off-side.
1:58 of 3rd period - Trevor Moore wins face-off versus Miro Aaltonen in neutral zone.
3:15 of 3rd period - Wrist shot by Joachim Blichfeld.
3:15 of 3rd period - Stopped by Emil Larmi with a rebound.
3:17 of 3rd period - Snap shot by Joel Eriksson Ek.
3:17 of 3rd period - Deflect By Joachim Blichfeld.
3:17 of 3rd period - Shot Blocked by Vladislav Gavrikov.
3:17 of 3rd period - Puck is out of play.
3:18 of 3rd period - Miro Aaltonen wins face-off versus Rourke Chartier in Moose zone.
3:25 of 3rd period - Slapshot by Iiro Pakarinen.
3:25 of 3rd period - Shot Blocked by Rourke Chartier.
4:27 of 3rd period - Snap shot by Chase De Leo.
4:27 of 3rd period - Shot Misses the Net.
4:33 of 3rd period - Snap shot by Joachim Blichfeld.
4:33 of 3rd period - Shot Misses the Net.
4:35 of 3rd period - Slapshot by Logan Stanley.
4:35 of 3rd period - Stopped by Emil Larmi with a rebound.
4:55 of 3rd period - Slapshot by Miro Aaltonen.
4:55 of 3rd period - Stopped by Carter Hart with a rebound.
4:57 of 3rd period - Snap shot by Ludwig Bystrom.
4:57 of 3rd period - Shot Misses the Net.
4:59 of 3rd period - Backhand shot by Ludwig Bystrom.
4:59 of 3rd period - Deflect By Iiro Pakarinen.
4:59 of 3rd period - Stopped by Carter Hart with a rebound.
5:01 of 3rd period - Wrist shot by Miro Aaltonen.
5:01 of 3rd period - Shot Blocked by Kyle Connor.
5:17 of 3rd period - Nikita Tryamkin is hit by Nikolay Goldobin and loses puck.
6:11 of 3rd period - Snap shot by Rourke Chartier.
6:11 of 3rd period - Goal by Rourke Chartier - Moose : 3 - Reign : 6.
6:12 of 3rd period - Rourke Chartier wins face-off versus Miro Aaltonen in neutral zone.
6:37 of 3rd period - Sergey Kalinin is hit by Dominik Kahun and loses puck.
7:21 of 3rd period - Icing by Carl Grundstrom.
7:22 of 3rd period - Chase De Leo wins face-off versus Joel Eriksson Ek in Moose zone.
8:33 of 3rd period - Wrist shot by Pierre-Luc Dubois.
8:33 of 3rd period - Stopped by Carter Hart without a rebound.
8:34 of 3rd period - Rourke Chartier wins face-off versus Miro Aaltonen in Reign zone.
8:34 of 3rd period - Rourke Chartier is hit by Ludwig Bystrom.
8:51 of 3rd period - Off-side.
8:52 of 3rd period - Dominik Kahun wins face-off versus Sergey Kalinin in neutral zone.
9:00 of 3rd period - Frank Vatrano is hit by Sergey Kalinin and loses puck.
9:45 of 3rd period - Snap shot by Phillip Danault.
9:45 of 3rd period - Deflect By Troy Stetcher.
9:45 of 3rd period - Stopped by Emil Larmi with a rebound.
10:06 of 3rd period - Minor Penalty to Travis Sanheim for Interference.
10:07 of 3rd period - Iiro Pakarinen wins face-off versus Rourke Chartier in Moose zone.
10:21 of 3rd period - Snap shot by Rourke Chartier.
10:21 of 3rd period - Shot Hit the Post.
10:23 of 3rd period - Snap shot by Dmitri Orlov.
10:23 of 3rd period - Shot Misses the Net.
12:06 of 3rd period - Penalty to Travis Sanheim is over, Travis Sanheim is back on ice.
12:19 of 3rd period - Charlie McAvoy is hit by Frank Vatrano and loses puck.
12:51 of 3rd period - Christopher Tanev is hit by Rem Pitlick.
13:18 of 3rd period - Phillip Danault is hit by Troy Stetcher and loses puck.
13:55 of 3rd period - Josh Anderson is hit by Ludwig Bystrom and loses puck.
14:14 of 3rd period - Joel Eriksson Ek is hit by Jordan Martinook and loses puck.
14:27 of 3rd period - Thomas Chabot is hit by Travis Sanheim and loses puck.
14:39 of 3rd period - Off-side.
14:40 of 3rd period - Rourke Chartier wins face-off versus Dominik Kahun in neutral zone.
14:53 of 3rd period - Backhand shot by Nikolay Goldobin.
14:53 of 3rd period - Stopped by Carter Hart with a rebound.
15:05 of 3rd period - Trevor Moore is hit by Erik Cernak.
15:16 of 3rd period - Wrist shot by Phillip Danault.
15:16 of 3rd period - Shot Hit the Post.
15:34 of 3rd period - Wrist shot by Joachim Blichfeld.
15:34 of 3rd period - Stopped by Emil Larmi without a rebound.
15:35 of 3rd period - Frank Vatrano wins face-off versus Rourke Chartier in Moose zone.
16:41 of 3rd period - Off-side.
16:42 of 3rd period - Joel Eriksson Ek wins face-off versus Chase De Leo in neutral zone.
16:47 of 3rd period - Slapshot by Charlie McAvoy.
16:47 of 3rd period - Shot Misses the Net.
17:07 of 3rd period - Snap shot by Rourke Chartier.
17:07 of 3rd period - Deflect By Kyle Connor.
17:07 of 3rd period - Shot Misses the Net.
17:07 of 3rd period - Puck is out of play.
17:08 of 3rd period - Rourke Chartier wins face-off versus Nathan Walker in Moose zone.
17:15 of 3rd period - Kyle Connor is hit by Travis Sanheim and loses puck.
18:45 of 3rd period - Snap shot by Josh Anderson.
18:45 of 3rd period - Shot Blocked by Matthew Benning.
18:47 of 3rd period - Snap shot by Joel Eriksson Ek.
18:47 of 3rd period - Stopped by Emil Larmi without a rebound.
18:48 of 3rd period - Rourke Chartier wins face-off versus Miro Aaltonen in Moose zone.
19:22 of 3rd period - Snap shot by Jordan Kyrou.
19:22 of 3rd period - Stopped by Emil Larmi without a rebound.
19:23 of 3rd period - Rourke Chartier wins face-off versus Miro Aaltonen in Moose zone.
19:24 of 3rd period - Snap shot by Matthew Tkachuk.
19:24 of 3rd period - Stopped by Emil Larmi with a rebound.
Goals for this period are 0 for Moose vs 1 for Reign.
Shots for this period are 4 for Moose vs 12 for Reign.